 Dungeon Crawl Stone Soup version 0.17.1-1-g73c8601 (webtiles) character file.

724809 shmeve the Hoplite (level 27, -12/266 HPs)
             Began as a Minotaur Berserker on Apr 24, 2016.
             Was the Champion of Trog.
             Mangled by a shard shrike (37 damage)
             ... on level 6 of Cocytus on Apr 25, 2016.
             The game lasted 03:34:03 (50479 turns).

shmeve the Hoplite (Minotaur Berserker)            Turns: 50479, Time: 03:34:03

Health: -12/266    AC: 45    Str: 29 (30) XL:     27
Magic:  22/22      EV: 26    Int:  5      God:    Trog [******]
Gold:   4074       SH: 27    Dex: 14      Spells: 0 memorised, 26 levels left

rFire  + + .     SeeInvis .     Q - +9 broad axe (flame)
rCold  . . .     Clarity  .     L - +12 gold dragon armour
rNeg   + . .     SustAt   .     a - +0 large shield
rPois  +         Gourm    .     (helmet restricted)
rElec  .         Spirit   .     R - +2 cloak {MR+}
rCorr  .         Warding  .     l - +2 pair of gloves {archery}
rMut   .         Stasis   .     v - +2 pair of boots {Fly}
MR     +++++                    J - amulet of regeneration
Stlth  ..........               p - ring of Shaolin {EV+8}
                                B - ring "Koet" {Fire rN+ Slay+5}

@: regenerating, almost entirely resistant to hostile enchantments, extremely
unstealthy
A: retaliatory headbutt, horns 2
a: Berserk, Trog's Hand, Brothers in Arms, Burn Spellbooks, Renounce Religion,
Evoke Flight
}: 3/15 runes: decaying, silver, gossamer


You were on level 6 of Cocytus.
You worshipped Trog.
Trog was exalted by your worship.
You were not hungry.

You visited 10 branches of the dungeon, and saw 52 of its levels.
You visited the Abyss 2 times.
You visited 1 ziggurat, and saw 16 of its levels.
You also visited: Trove, Sewer, Ossuary, Bailey and Wizlab.

You collected 7621 gold pieces.
You spent 3547 gold pieces at shops.

Inventory:

Hand Weapons
 Q - a +9 broad axe of flaming (weapon)
Missiles
 D - 32 steel javelins
 E - 17 javelins of penetration
 K - 15 poisoned javelins (quivered)
Armour
 a - a +0 large shield (worn)
 l - a +2 pair of gloves of archery (worn)
 v - a +2 pair of boots of flying (worn)
 L - a +12 gold dragon armour (worn)
 M - a +2 cloak of poison resistance
 R - a +2 cloak of magic resistance (worn)
Jewellery
 p - the ring of Shaolin (right hand) {EV+8}
   (You bought it in a shop on level 4 of the Orcish Mines)

   [ring of evasion]

   It affects your evasion (+8).
 B - the ring "Koet" (left hand) {Fire rN+ Slay+5}
   (You found it in a treasure trove)

   [ring of fire]

   It enhances your fire magic, and weakens your ice magic.
   It affects your accuracy and damage with ranged weapons and melee attacks
   (+5).
   It protects you from fire.
   It makes you vulnerable to cold.
   It protects you from negative energy.
 J - an amulet of regeneration (around neck)
Wands
 O - a wand of digging (13)
 W - a wand of digging (15)
Scrolls
 g - 2 scrolls of holy word
 j - 16 scrolls of teleportation
 o - 29 scrolls of remove curse
 r - 3 scrolls of enchant armour
 w - 6 scrolls of fear
 y - 3 scrolls of recharging
 G - 25 scrolls of identify
 H - 8 scrolls of magic mapping
 U - 9 scrolls of fog
 V - 8 scrolls of blinking
 X - 9 scrolls of enchant weapon
 Y - a scroll of summoning
Potions
 d - 19 potions of curing
 f - 6 potions of cancellation
 m - 3 potions of berserk rage
 q - 7 potions of flight
 s - 2 potions of resistance
 u - 6 potions of heal wounds
 A - 7 potions of brilliance
 P - 4 potions of haste
Miscellaneous
 t - the horn of Geryon
Comestibles
 c - 31 bread rations
 n - 33 meat rations


   Skills:
 * Level 25.4 Fighting
 * Level 25.2 Axes
 + Level 16.4 Throwing
 + Level 19.1 Armour
 + Level 23.1 Dodging
 * Level 25.6 Shields


You had 26 spell levels left.
You didn't know any spells.

Dungeon Overview and Level Annotations

Branches:
Dungeon (15/15)            Temple (1/1) D:4            Lair (8/8) D:11
  Swamp (4/4) Lair:3       Spider (4/4) Lair:4        Slime (0/6) Lair:8
    Orc (4/4) D:10            Elf (0/3) Orc:4        Vaults (5/5) D:14
  Crypt (0/3) Vaults:3     Depths (4/5) D:15           Hell (1/1)
    Dis (0/7) Hell            Geh (0/7) Hell            Coc (6/7) Hell
    Tar (0/7) Hell

Altars:
Ashenzari
Cheibriados
Dithmenos
Elyvilon
Fedhas
Gozag
Kikubaaqudgha
Makhleb
Nemelex Xobeh
Okawaru
Qazlal
Ru
Sif Muna
Trog
Vehumet
Xom
Yredelemnul
Zin
The Shining One
Beogh
Jiyva

Shops:
D:8 !%   D:11 !   D:14 (*=[(   Orc:3 [   Orc:4 [(=[*   Depths:2 *

Portals:
Hell: Lair:8 Depths:1 Depths:2 Depths:3 Depths:4
Abyss: Depths:4
Pandemonium: Depths:3

Annotations:
Lair:3 exclusion: oklob plant
Lair:6 exclusion: ice statue


Innate Abilities, Weirdness & Mutations

You reflexively headbutt those who attack you in melee.
You have a pair of horns on your head.


Message History

The shard shrike is lightly wounded.
The shard shrike claws you but does no damage.
You block the flying skull's attack. The water elemental barely misses you.
The shard shrike screeches!
The shard shrike closely misses you.
A great wave of water rises up through the elemental wellspring!
The great wave of water hits you!
* * * LOW HITPOINT WARNING * * *
You are knocked back by the great wave of water.
You slam into the rock wall!
The wave splashes down.
Splash!
You fall into the shallow water.
Moving in this stuff is going to be slow.
You block the water elemental's attack.
The flying skull hits you but does no damage.
You hear a shout!
You block the shard shrike's attack. The shard shrike claws you!
* * * LOW HITPOINT WARNING * * *
The shard shrike freezes you!!!
You die...

≈≈≈≈ ≈≈≈..
≈≈≈≈...#.
###≈≈#....
###≈≈≈≈##..
#.≈≈≈E....#
.#.≈#..E..#
..≈≈≈.b.z.###
#≈z@Z...#
##≈E≈≈†.#
##z.≈≈.#
#.#≈).# .
###...#....
#.)...#
#...###
##....
##....#


You could see a shard shrike, an elemental wellspring, 2 water elementals, 3
flying skulls and an anaconda zombie.

Vanquished Creatures
  4 ancient liches
  Mara (Vaults:5)
  3 greater mummies (Zig:14)
  Sojobo (Vaults:3)
  Boris (Vaults:2)
  8 shard shrikes
  Norris (Spider:2)
  Saint Roka (Vaults:3)
  2 Killer Klowns (Zig:7)
  A caustic shrike (Depths:3)
  Geryon (Hell)
  3 golden dragons
  Nikola (Swamp:1)
  Jory (Vaults:2)
  7 bone dragons
  7 liches
  8 tentacled monstrosities
  A hellephant (Abyss:4)
  Rupert (Lair:8)
  2 Ice Fiends
  4 titans (Vaults:5)
  2 quicksilver dragons
  3 Shadow Fiends (Zig:11)
  An ancient champion (Zig:8)
  8 shadow dragons
  An Executioner (Abyss:4)
  2 octopode crushers
  Kirke (Swamp:4)
  3 tengu reavers
  11 tentacled starspawn
  2 storm dragons (Vaults:5)
  3 sphinxes (Vaults:5)
  Roxanne (Swamp:2)
  2 revenants
  Wiglaf (Depths:1)
  8 fire giants
  17 vault wardens
  15 greater nagas
  A draconian knight (Zig:6)
  3 deep elf sorcerers
  Maud (Lair:3)
  2 balrugs (Hell)
  3 ghost moths (Spider:4)
  2 iron dragons
  5 emperor scorpions
  8 frost giants
  Louise (Swamp:4)
  14 ironheart preservers
  2 angels
  A caustic shrike skeleton (Zig:14)
  The ghost of ricardofg the Thaumaturge, a journeyman GrEE of Vehumet (Orc:4)
  2 orange crystal statues
  10 reapers
  3 war gargoyles
  20 stone giants
  2 lorocyprocas
  An elemental wellspring (Coc:5)
  10 very ugly things
  4 vampire knights
  3 deep elf annihilators
  4 deep elf demonologists
  A salamander firebrand (Hell)
  2 salamander stormcallers
  A blood saint (Zig:6)
  3 black suns (Zig:11)
  2 bennus (Zig:14)
  2 green deaths
  4 eidola
  5 blizzard demons
  7 ettins
  8 fire dragons
  17 yaktaur captains
  A merfolk impaler (Depths:1)
  3 quicksilver dragon zombies
  4 mummy priests
  Josephine (D:13)
  24 vault guards
  A deep elf death mage (Vaults:5)
  6 entropy weavers
  6 rakshasas
  3 great orbs of eyes
  15 ogre magi
  12 ice dragons
  31 hydras
  6 naga warriors
  5 catoblepae
  A spriggan air mage (Depths:3)
  8 centaur warriors
  2 ghost crabs
  Erolcha (D:9)
  15 anacondas
  An alligator snapping turtle (shapeshifter) (Zig:7)
  2 dancing weapons (D:14)
  3 death yaks (Lair:7)
  12 alligators
  5 tengu warriors
  An alligator (shapeshifter) (Depths:1)
  2 vampire magi
  A queen ant (Spider:2)
  3 deep troll shamans
  14 hell hogs
  8 deep troll earth magi
  4 orc high priests (Orc:4)
  A shock serpent (shapeshifter) (Vaults:5)
  10 shock serpents
  3 titan zombies (Orc:3)
  6 sun demons
  10 thrashing horrors
  3 deep elf knights
  2 spriggan berserkers (Depths:3)
  8 naga sharpshooters
  6 hell knights (Depths:4)
  3 storm dragon zombies
  2 iron golems (Hell)
  A titan skeleton (Coc:5)
  15 ice devils
  15 wretched stars
  2 salamander mystics
  A fire crab (shapeshifter) (Vaults:1)
  4 soul eaters
  A death scarab (Zig:14)
  3 fire crabs
  24 skeletal warriors
  A ghost moth zombie (Coc:1)
  2 spatial maelstroms
  An unseen horror (shapeshifter) (Vaults:4)
  A deep troll (shapeshifter) (Vaults:5)
  A ball lightning (Swamp:1)
  28 deep trolls
  A golden dragon zombie (Zig:10)
  2 iron trolls (Hell)
  5 shadow wraiths
  A sea snake (shapeshifter) (Depths:2)
  16 hill giants
  12 swamp dragons
  20 starcursed masses
  6 anaconda zombies
  4 shadow dragon zombies
  10 naga ritualists
  A golden dragon skeleton (Coc:2)
  28 large abominations
  17 small abominations
  A shadow demon (Abyss:4)
  A tengu zombie (Vaults:3)
  7 necromancers
  Pikel (D:7)
  A lindwurm (Lair:8)
  38 wolf spiders
  3 shambling mangroves
  16 orb spiders
  23 orc knights
  An iron dragon zombie (Coc:1)
  6 griffons
  A phantasmal warrior (Vaults:5)
  7 unseen horrors
  2 lindwurms (shapeshifter)
  4 giant orange brains
  An anaconda skeleton (Hell)
  3 anubis guards
  6 deep elf conjurers
  10 ironbrand convokers
  3 mana vipers
  5 stone giant zombies
  2 sixfirhies
  8 wizards
  A shadow dragon skeleton (Coc:1)
  A manticore (shapeshifter) (D:15)
  10 hornets
  7 orc sorcerers
  3 tengu skeletons
  4 cyclopes
  4 harpies
  A fire giant zombie (Zig:14)
  7 rust devils
  2 salamanders
  43 ugly things
  An elephant (shapeshifter) (Vaults:2)
  2 manticores (Abyss:4)
  2 moths of wrath
  A titan simulacrum (Hell)
  11 guardian serpents
  6 smoke demons
  14 vault sentinels
  8 elephants
  2 fire giant skeletons
  A black mamba (shapeshifter) (Vaults:3)
  2 dire elephant zombies
  27 spiny frogs
  3 worldbinders
  An ice statue (Zig:10)
  Psyche (D:8)
  2 gargoyles (D:14)
  6 apocalypse crabs
  38 black mambas
  2 torpor snails
  5 orange demons
  2 emperor scorpion zombies (Coc:1)
  17 naga magi
  35 yaktaurs
  An anaconda simulacrum (Coc:3)
  A yaktaur (shapeshifter) (Vaults:2)
  12 demonic crawlers
  8 komodo dragons
  17 freezing wraiths
  8 tormentors
  4 hellwings
  5 kobold demonologists
  An ancient zyme (Abyss:4)
  2 efreet
  A jumping spider (shapeshifter) (Depths:4)
  A fire drake (shapeshifter) (Vaults:2)
  2 hellions
  4 red devils
  5 tengu conjurers
  4 deep elf priests
  13 hydra zombies
  5 guardian mummies
  A golden dragon simulacrum (Coc:4)
  21 blue devils
  6 polar bears
  6 fire drakes
  A harpy zombie (Coc:6)
  A shadow dragon simulacrum (Vaults:3)
  18 two-headed ogres
  Prince Ribbit (D:7)
  6 giant leeches
  32 jumping spiders
  10 bog bodies
  7 trolls
  A boulder beetle (shapeshifter) (Vaults:4)
  A two-headed ogre (shapeshifter) (Vaults:3)
  4 boulder beetles
  A trapdoor spider zombie (D:9)
  4 alligator zombies
  2 ettin zombies
  40 slime creatures
  3 hydra skeletons
  11 raiju
  3 ushabtiu (Zig:14)
  47 flying skulls
  3 ice dragon zombies
  37 redbacks
  2 trapdoor spiders (shapeshifter)
  A frost giant simulacrum (Zig:14)
  34 blink frogs
  A raiju (shapeshifter) (Depths:3)
  A stone giant simulacrum (Coc:5)
  A snapping turtle (Abyss:4)
  7 spriggans
  6 shadows
  A slime creature (shapeshifter) (Zig:7)
  8 ynoxinuls
  8 deep elf magi
  A hog (Swamp:4)
  4 basilisks
  20 water elementals
  4 fire dragon skeletons
  3 wyverns
  56 yaks
  2 ettin skeletons
  A spriggan (shapeshifter) (Vaults:4)
  A hill giant zombie (Orc:3)
  13 trapdoor spiders
  7 golden eyes
  A human (shapeshifter) (Vaults:1)
  20 tarantellas
  A spriggan simulacrum (Zig:14)
  9 wraiths
  2 vampires
  5 chaos spawn (Abyss:4)
  2 hippogriffs (shapeshifter)
  A golden eye (shapeshifter) (Depths:4)
  13 wolves
  9 nagas
  8 hungry ghosts
  11 neqoxecs
  An emperor scorpion simulacrum (Abyss:4)
  2 basilisks (shapeshifter)
  10 hippogriffs
  A harpy simulacrum (D:14)
  14 wargs
  Edmund (D:6)
  3 hydra simulacra (Coc:1)
  A soldier ant (Spider:2)
  2 fire elementals (Hell)
  34 vampire mosquitoes
  11 insubstantial wisps
  A spatial vortex (Coc:6)
  6 spiny frog zombies
  10 deep elf fighters
  22 swamp worms
  19 water moccasins
  3 mottled dragons
  A deep troll skeleton (Vaults:5)
  A hell hound (Hell)
  6 sky beasts
  12 swamp drakes
  A spiny frog skeleton (Coc:3)
  An alligator simulacrum (Coc:3)
  12 boggarts
  A necrophage (Coc:1)
  35 spiders
  7 phantoms
  22 ice beasts
  15 porcupines
  2 snapping turtle zombies (Coc:2)
  2 eyes of draining (Abyss:4)
  15 wasps
  2 black bears
  59 ogres
  A slave (D:7)
  67 orc warriors
  2 snapping turtle skeletons (Coc:1)
  10 big kobolds
  A brain worm (D:15)
  27 centaurs
  11 crocodiles
  A gnoll sergeant (D:8)
  4 elf zombies
  26 giant frogs
  3 spiny frog simulacra
  7 scorpions
  26 wights
  4 electric eels
  2 human simulacra
  7 crimson imps
  7 hounds
  2 quasits
  2 jellies
  A giant frog skeleton (D:4)
  2 human zombies (Ossuary)
  10 iguanas
  31 orc priests
  6 centaur zombies
  36 orc wizards
  3 giant frog zombies
  6 iron imps
  Jessica (D:3)
  6 centaur skeletons
  A human skeleton (Coc:1)
  13 hell rats
  35 worker ants
  4 big kobold zombies (Ossuary)
  A killer bee zombie (D:7)
  25 sheep
  A naga zombie (Hell)
  A hound skeleton (D:4)
  16 mummies
  2 worker ant zombies
  8 gnolls
  20 adders
  3 shadow imps
  79 river rats
  12 white imps
  An ufetubus (Abyss:1)
  3 oozes
  5 adder zombies (Ossuary)
  2 adder skeletons
  4 worms
  5 giant geckos
  221 orcs
  7 ball pythons
  11 bats
  5 giant cockroaches
  9 goblins
  6 hobgoblins
  12 jackals
  4 quokkas
  A giant gecko skeleton (D:4)
  A giant gecko zombie (D:6)
  3 giant newts
  A goblin zombie (Ossuary)
  2 hobgoblin zombies (Ossuary)
  8 jackal zombies
  40 kobolds
  5 kobold zombies (Ossuary)
  A quokka zombie (Ossuary)
  31 rats
  6 rat zombies
  7 crawling corpses (Vaults:4)
  2 fire vortices (Vaults:2)
  10 fungi
  10 plants
  13 starspawn tentacles
  A starspawn tentacle segment (Abyss:4)
3125 creatures vanquished.

Vanquished Creatures (collateral kills)
  A vault warden (Vaults:5)
  An orc warlord (Orc:4)
  A fire dragon (D:14)
  2 hydras (Swamp:4)
  2 swamp dragons (Swamp:4)
  An orc sorcerer (Orc:4)
  A bog body (Swamp:4)
  A slime creature (Swamp:4)
  2 orc warriors (D:6)
  A swamp drake (Swamp:4)
  2 orc wizards (Orc:4)
  An orc priest (D:6)
  A worker ant (D:14)
  5 orcs (D:6)
22 creatures vanquished.

Vanquished Creatures (others)
  A thorn hunter (Zig:12)
  A greater naga (Zig:16)
  2 vault guards (Vaults:5)
  A yaktaur captain (Vaults:5)
  An ogre mage (Vaults:4)
  A swamp dragon (Zig:12)
  A jumping spider (Spider:4)
  A tengu simulacrum (Vaults:5)
  A shadow (Swamp:2)
  2 humans (Swamp:4)
  A golden eye (Abyss:4)
  A vampire mosquito (Swamp:1)
  A spiny frog zombie (Coc:1)
  A swamp drake (Zig:12)
  A wasp (Zig:12)
  A boggart (Depths:3)
  A small abomination (Abyss:4)
  An orc priest (Orc:4)
  2 orcs
  12 fungi
  A lurking horror (Abyss:1)
  6 plants
  22 starspawn tentacles
  524 starspawn tentacle segments
587 creatures vanquished.

Grand Total: 3734 creatures vanquished

Notes
Turn   | Place    | Note
--------------------------------------------------------------
     0 | D:1      | shmeve the Minotaur Berserker began the quest for the Orb.
     0 | D:1      | Reached XP level 1. HP: 19/19 MP: 0/0
   710 | D:2      | Found an iron altar of Okawaru.
   722 | D:2      | Reached skill level 4 in Axes
   722 | D:2      | Reached XP level 2. HP: 25/27 MP: 1/1
  1002 | D:2      | Reached skill level 1 in Throwing
  1007 | D:2      | Reached XP level 3. HP: 33/33 MP: 2/2
  1048 | D:2      | Reached ** piety under Trog
  1644 | D:3      | Found a glowing drain.
  1660 | D:3      | Reached XP level 4. HP: 35/40 MP: 3/3
  1666 | Sewer    | Entered a sewer
  1975 | Sewer    | Reached *** piety under Trog
  2013 | Sewer    | Reached skill level 5 in Axes
  2031 | Sewer    | Noticed a big kobold
  2039 | Sewer    | Reached XP level 5. HP: 34/47 MP: 4/4
  2049 | Sewer    | Killed a big kobold
  2127 | Sewer    | Noticed a big kobold
  2149 | Sewer    | Killed a big kobold
  2149 | Sewer    | Reached skill level 5 in Fighting
  2149 | Sewer    | Reached XP level 6. HP: 33/56 MP: 5/5
  2418 | D:3      | Reached **** piety under Trog
  2445 | D:3      | Noticed Jessica
  2455 | D:3      | Killed Jessica
  2749 | D:4      | Reached skill level 6 in Axes
  2783 | D:4      | Found a staircase to the Ecumenical Temple.
  2849 | D:4      | Reached skill level 1 in Shields
  2849 | D:4      | Reached XP level 7. HP: 29/61 MP: 6/6
  3158 | Temple   | Entered the Ecumenical Temple
  3537 | D:4      | You fall through a shaft!
  3537 | D:5      | Entered Level 5 of the Dungeon
  3537 | D:5      | Found a blossoming altar of Fedhas.
  3721 | D:4      | Reached skill level 5 in Shields
  4546 | D:5      | Reached XP level 8. HP: 68/70 MP: 7/7
  4622 | D:6      | Found a white marble altar of Elyvilon.
  4642 | D:6      | Found a bloodstained altar of Trog.
  4642 | D:6      | Found a shadowy altar of Dithmenos.
  4653 | D:6      | Received a gift from Trog
  4661 | D:6      | Got a steaming ivory ring
  4666 | D:6      | Identified the ring of the Mantidfly {rN+ Dex+5 Stlth+} (You found it on level 6 of the Dungeon)
  4898 | D:6      | Found a stormy altar of Qazlal.
  5181 | D:6      | Found a runed door.
  5311 | D:6      | Noticed Edmund
  5318 | D:6      | Reached skill level 7 in Axes
  5334 | D:6      | Killed Edmund
  5580 | D:6      | Reached skill level 5 in Armour
  5712 | D:6      | Reached XP level 9. HP: 76/78 MP: 8/8
  5767 | D:6      | Found a roughly hewn altar of Beogh.
  5848 | D:7      | Reached skill level 5 in Dodging
  6067 | D:7      | Noticed Prince Ribbit
  6081 | D:7      | Killed Prince Ribbit
  6081 | D:7      | Reached skill level 8 in Axes
  6183 | D:7      | Reached ***** piety under Trog
  6828 | D:7      | Noticed Pikel
  6847 | D:7      | Killed Pikel
  6847 | D:7      | Reached skill level 9 in Axes
  7000 | D:8      | Found Xawnut's Distillery.
  7017 | D:8      | Found a sand-covered staircase.
  7045 | Ossuary  | Entered an ossuary
  7097 | Ossuary  | Reached XP level 10. HP: 88/88 MP: 9/9
  7301 | Ossuary  | Identified a scroll of acquirement
  7304 | Ossuary  | Got a jewelled buckler
  7315 | Ossuary  | Identified the +0 buckler of an ice cave {Int+6} (You acquired it in an ossuary)
  7386 | D:8      | Found a sparkling altar of Nemelex Xobeh.
  7439 | D:8      | Noticed Psyche
  7458 | D:8      | Killed Psyche
  7650 | D:8      | Found Juojoy's Food Emporium.
  7856 | D:9      | Reached skill level 5 in Throwing
  7983 | D:9      | Noticed Erolcha
  7995 | D:9      | Killed Erolcha
  7995 | D:9      | Reached skill level 10 in Axes
  8049 | D:9      | Reached skill level 10 in Shields
  8156 | D:9      | Received a gift from Trog
  8156 | D:9      | Reached XP level 11. HP: 97/97 MP: 10/10
  8664 | D:10     | Entered Level 10 of the Dungeon
  8817 | D:10     | Reached skill level 10 in Fighting
  8817 | D:10     | Reached skill level 11 in Axes
  8817 | D:10     | Reached XP level 12. HP: 105/108 MP: 11/11
  8818 | D:10     | Reached skill level 12 in Axes
  8818 | D:10     | Reached XP level 13. HP: 111/117 MP: 12/12
  8926 | D:10     | Found a staircase to the Orcish Mines.
  9215 | Orc:1    | Entered Level 1 of the Orcish Mines
  9276 | Orc:1    | Received a gift from Trog
  9766 | Orc:1    | Reached ****** piety under Trog
  9834 | Orc:2    | Received a gift from Trog
  9891 | Orc:2    | Found a frozen archway.
 10482 | Orc:3    | Found a roughly hewn altar of Beogh.
 10499 | Orc:3    | Found a flagged portal.
 10523 | Bailey   | Entered a bailey
 10580 | Bailey   | Received a gift from Trog
 11210 | Orc:3    | Reached skill level 13 in Shields
 11459 | Orc:3    | Noticed a frost giant
 11467 | Orc:3    | Killed a frost giant
 11471 | Orc:3    | Reached skill level 10 in Armour
 11631 | Orc:3    | Reached XP level 14. HP: 89/127 MP: 13/13
 11957 | Orc:3    | Found Plog's Armour Shoppe.
 11965 | Orc:3    | Bought a +2 cloak of poison resistance for 240 gold pieces
 11965 | Orc:3    | Bought a +2 cloak of magic resistance for 279 gold pieces
 12063 | Orc:3    | Received a gift from Trog
 12268 | Orc:4    | Entered Level 4 of the Orcish Mines
 12386 | Orc:4    | Found a staircase to the Elven Halls.
 12483 | Orc:4    | Noticed ricardofg's ghost (journeyman GrEE)
 12522 | Orc:4    | Killed ricardofg's ghost
 12652 | Orc:4    | Found a burning altar of Makhleb.
 12685 | Orc:4    | Noticed an orc warlord
 12690 | Orc:4    | Received a gift from Trog
 12713 | Orc:4    | Killed an orc warlord
 12713 | Orc:4    | Reached skill level 14 in Shields
 12763 | Orc:4    | Received a gift from Trog
 12816 | Orc:4    | Found Xoxuaxt's Antique Armour Emporium.
 12822 | Orc:4    | Found Cogeliog's Antique Weapon Shoppe.
 12838 | Orc:4    | Found Cess's General Store.
 12838 | Orc:4    | Found Humun's Jewellery Emporium.
 12888 | Orc:4    | Bought the ring of Shaolin {EV+8} for 2048 gold pieces
 13205 | Orc:4    | Found Furu Qor's Armour Boutique.
 13389 | Orc:4    | Received a gift from Trog
 13547 | D:11     | Found Ajoh's Distillery.
 13727 | D:11     | Found an ancient bone altar of Kikubaaqudgha.
 13868 | D:11     | Found a staircase to the Lair.
 14013 | D:11     | Found a portal to a secret trove of treasure.
 14114 | D:11     | Got an encrusted shield
 14125 | D:11     | Identified the -3 shield of Watchfulness {Str+5} (You acquired it on level 11 of the Dungeon)
 14484 | Lair:1   | Entered Level 1 of the Lair of Beasts
 14529 | Lair:1   | Got a smoking marble ring
 14959 | Lair:1   | Identified the ring of Rewkuh {+/*Tele rPois Str+2 Int+5 Dex-4} (You found it on level 1 of the Lair of Beasts)
 15193 | Lair:2   | Received a gift from Trog
 15206 | Lair:2   | Found a radiant altar of Vehumet.
 15848 | Lair:3   | Received a gift from Trog
 15927 | Lair:3   | Noticed Maud
 15945 | Lair:3   | Killed Maud
 16234 | Lair:3   | Received a gift from Trog
 16471 | Lair:3   | Found a staircase to the Swamp.
 16697 | Lair:4   | Found a hole to the Spider Nest.
 16805 | Lair:4   | Reached skill level 10 in Dodging
 17188 | Lair:4   | Reached XP level 15. HP: 94/138 MP: 14/14
 17627 | Lair:5   | Reached skill level 15 in Shields
 17684 | Lair:5   | Received a gift from Trog
 18284 | Lair:6   | Reached skill level 15 in Axes
 18756 | Lair:6   | Received a gift from Trog
 19287 | Lair:7   | Found a dark tunnel.
 19571 | Lair:7   | Reached skill level 15 in Fighting
 19696 | Lair:7   | Received a gift from Trog
 19881 | Lair:8   | Entered Level 8 of the Lair of Beasts
 19978 | Lair:8   | Found a staircase to the Slime Pits.
 19978 | Lair:8   | Found a viscous altar of Jiyva.
 20285 | Lair:8   | Noticed Rupert
 20300 | Lair:8   | Killed Rupert
 20708 | Lair:8   | Reached skill level 16 in Shields
 20741 | Lair:8   | Reached XP level 16. HP: 149/149 MP: 15/15
 20743 | Lair:8   | Found a burning altar of Makhleb.
 20771 | Lair:8   | Received a gift from Trog
 20797 | Lair:8   | Found a gateway to Hell.
 21681 | D:12     | You fall through a shaft!
 21726 | D:13     | Noticed Josephine
 21743 | D:13     | Killed Josephine
 21868 | D:13     | Found a shadowy altar of Dithmenos.
 21888 | D:13     | Received a gift from Trog
 22364 | D:14     | Received a gift from Trog
 22365 | D:14     | Reached skill level 10 in Throwing
 22467 | D:14     | Found a gate to the Vaults.
 22515 | D:14     | Received a gift from Trog
 22565 | D:14     | Found Seran's Weapon Emporium.
 22635 | D:14     | Found Jacoj's General Store.
 22761 | D:14     | Found Jiecsueg's Antique Weapon Shop.
 22813 | D:14     | Found Enap's Antique Armour Emporium.
 22816 | D:14     | Bought a pair of glowing boots for 90 gold pieces
 22973 | D:14     | Found Edixuen's Jewellery Shoppe.
 22976 | D:14     | Bought the ring "Wyogg" {SustAt Str+5 Dex+2} for 470 gold pieces
 23117 | D:15     | Entered Level 15 of the Dungeon
 23241 | D:15     | Found a staircase to the Depths.
 23665 | D:15     | Received a gift from Trog
 24124 | D:12     | Got a fine bone amulet
 24125 | D:12     | Identified the amulet "Hoguof" {Stasis Str+5} (You found it on level 12 of the Dungeon)
 24334 | D:12     | Received a gift from Trog
 24668 | Swamp:1  | Entered Level 1 of the Swamp
 24734 | Swamp:1  | Reached skill level 17 in Shields
 24760 | Swamp:1  | Noticed Nikola
 24769 | Swamp:1  | Killed Nikola
 25252 | Swamp:1  | Reached XP level 17. HP: 159/159 MP: 16/16
 25911 | Swamp:2  | Noticed Roxanne
 25940 | Swamp:2  | Killed Roxanne
 26106 | Swamp:2  | Received a gift from Trog
 27033 | Swamp:4  | Entered Level 4 of the Swamp
 27033 | Swamp:4  | Noticed Kirke
 27034 | Swamp:4  | Noticed Louise
 27060 | Swamp:4  | Killed Louise
 27062 | Swamp:4  | Killed Kirke
 27091 | Swamp:4  | Received a gift from Trog
 27362 | Swamp:4  | Received a gift from Trog
 27534 | Swamp:4  | Got a decaying rune of Zot
 28154 | Vaults:1 | Entered Level 1 of the Vaults
 28197 | Vaults:1 | Reached skill level 18 in Shields
 28202 | Vaults:1 | Received a gift from Trog
 28694 | Vaults:1 | Reached XP level 18. HP: 168/170 MP: 17/17
 29122 | Vaults:1 | Got a pitted cloak
 29133 | Vaults:1 | Identified the +0 cloak of a bazaar {rPois Dex+10 Slay-4} (You acquired it on level 1 of the Vaults)
 29502 | Vaults:2 | Received a gift from Trog
 29507 | Vaults:2 | Got a polished battleaxe {god gift}
 29508 | Vaults:2 | Identified the +3 battleaxe "Ycsiv" {venom, rF+ rN++ Str+3 Int-2} (Trog gifted it to you on level 2 of the Vaults)
 29842 | Vaults:2 | Noticed Jory
 29861 | Vaults:2 | Killed Jory
 29941 | Vaults:2 | Received a gift from Trog
 29944 | Vaults:2 | Found a magical portal.
 29951 | Vaults:2 | Noticed Boris
 29977 | Vaults:2 | Killed Boris
 29996 | WizLab   | Entered Wucad Mu's Monastery
 30359 | WizLab   | Gained mutation: You possess an exceptional clarity of mind. [potion of beneficial mutation]
 30375 | WizLab   | Reached XP level 19. HP: 179/179 MP: 9/18
 30913 | Vaults:2 | Received a gift from Trog
 31363 | Vaults:3 | Found a staircase to the Crypt.
 31363 | Vaults:3 | Found a basalt altar of Yredelemnul.
 31364 | Vaults:3 | Found an ancient bone altar of Kikubaaqudgha.
 31540 | Vaults:3 | Reached skill level 19 in Shields
 31735 | Vaults:3 | Reached XP level 20. HP: 187/189 MP: 19/19
 31880 | Vaults:3 | Received a gift from Trog
 32199 | Vaults:3 | Noticed Saint Roka
 32224 | Vaults:3 | Killed Saint Roka
 32356 | Vaults:3 | Reached skill level 15 in Dodging
 32442 | Vaults:3 | Got a coiled granite ring
 32455 | Vaults:3 | Noticed Sojobo
 32481 | Vaults:3 | Killed Sojobo
 32865 | Vaults:4 | Received a gift from Trog
 33264 | Vaults:4 | Identified the ring of Perfectionism {+/*Tele Int+2} (You found it on level 3 of the Vaults)
 33434 | Vaults:4 | Received a gift from Trog
 33570 | Vaults:4 | Received a gift from Trog
 33685 | Vaults:4 | Received a gift from Trog
 34017 | Vaults:4 | Received a gift from Trog
 34198 | Vaults:4 | Received a gift from Trog
 34216 | Vaults:5 | Entered Level 5 of the Vaults
 34223 | Vaults:5 | Noticed an ancient lich
 34227 | Vaults:5 | Reached XP level 21. HP: 191/199 MP: 20/20
 34230 | Vaults:5 | Reached skill level 20 in Shields
 34248 | Vaults:5 | Reached skill level 15 in Armour
 34250 | Vaults:5 | Killed an ancient lich
 34251 | Vaults:5 | Received a gift from Trog
 34259 | Vaults:5 | Received a gift from Trog
 34490 | Vaults:5 | Killed an ancient lich
 34727 | Vaults:5 | Noticed a golden dragon
 34742 | Vaults:5 | Killed a golden dragon
 34811 | Vaults:5 | Noticed Mara
 34821 | Vaults:5 | Noticed shmeve's illusion
 34852 | Vaults:5 | Killed Mara
 35093 | Vaults:5 | Received a gift from Trog
 35213 | Vaults:5 | Reached XP level 22. HP: 202/210 MP: 21/21
 35571 | Vaults:5 | Noticed an ancient lich
 35586 | Vaults:5 | Killed an ancient lich
 35680 | Vaults:5 | Reached skill level 21 in Shields
 35913 | Vaults:5 | Got a silver rune of Zot
 36390 | Spider:1 | Entered Level 1 of the Spider Nest
 36415 | Spider:1 | Received a gift from Trog
 36817 | Spider:1 | Received a gift from Trog
 37026 | Spider:2 | Noticed Norris
 37292 | Spider:2 | Received a gift from Trog
 37591 | Spider:2 | Killed Norris
 38448 | Spider:4 | Entered Level 4 of the Spider Nest
 38994 | Spider:4 | Received a gift from Trog
 39077 | Spider:4 | Received a gift from Trog
 39180 | Spider:4 | Received a gift from Trog
 39328 | Spider:4 | Got a gossamer rune of Zot
 39956 | Hell     | Entered the Vestibule of Hell
 39956 | Hell     | Noticed Geryon
 39995 | Hell     | Reached XP level 23. HP: 220/220 MP: 22/22
 40024 | Hell     | Killed Geryon
 40030 | Hell     | Cast into the Abyss (reaper)
 40042 | Hell     | Escaped the Abyss
 40625 | Depths:1 | Entered Level 1 of the Depths
 40630 | Depths:1 | Received a gift from Trog
 41231 | D:8      | Bought a potion of cure mutation for 420 gold pieces
 41384 | D:11     | You paid a toll of 2 potions of cure mutation to enter a treasure trove
 41385 | Trove    | Entered a treasure trove
 41422 | Trove    | Got a smoking bronze amulet
 41446 | Trove    | Got a twitching bronze ring
 41448 | Trove    | Got a heavily runed sapphire amulet
 41458 | Trove    | Identified the amulet "Cacexole" {Faith Int+4} (You found it in a treasure trove)
 41460 | Trove    | Identified the amulet of the Stag {Spirit rF+ MR+ Str+3 Stlth-} (You found it in a treasure trove)
 41462 | Trove    | Identified the ring "Koet" {Fire rN+ Slay+5} (You found it in a treasure trove)
 41693 | Depths:1 | Gained mutation: You have a pair of large horns on your head. [potion of beneficial mutation]
 41750 | Depths:1 | Received a gift from Trog
 42120 | Depths:1 | Noticed Wiglaf
 42126 | Depths:1 | Killed Wiglaf
 42427 | Depths:2 | Found a gateway to a ziggurat.
 42452 | Zig:1    | Entered Level 1 of a ziggurat
 42471 | Zig:1    | Gained mutation: You can spit weak poison. [potion of beneficial mutation]
 42474 | Zig:2    | Entered Level 2 of a ziggurat
 42510 | Zig:3    | Entered Level 3 of a ziggurat
 42539 | Zig:4    | Entered Level 4 of a ziggurat
 42547 | Zig:4    | Reached skill level 22 in Shields
 42583 | Zig:5    | Entered Level 5 of a ziggurat
 42653 | Zig:6    | Entered Level 6 of a ziggurat
 42668 | Zig:6    | Received a gift from Trog
 42747 | Zig:6    | Reached XP level 24. HP: 231/231 MP: 22/22
 42751 | Zig:7    | Entered Level 7 of a ziggurat
 42774 | Zig:7    | Received a gift from Trog
 42802 | Zig:8    | Entered Level 8 of a ziggurat
 42811 | Zig:8    | Noticed an ancient lich
 42819 | Zig:8    | Killed an ancient lich
 42837 | Zig:8    | Got a fine hand axe
 42838 | Zig:8    | Lost intelligence.
 42838 | Zig:8    | Identified the +7 hand axe of Midsummer {chop, rF+ Str+4 Int-5} (You found it on level 8 of a ziggurat)
 42846 | Zig:8    | Identified the Almanac of Ashen Aid
 42852 | Zig:8    | Got a serpentine brass ring
 42862 | Zig:8    | Identified the cursed ring "Otzoethu" {Str-2 Slay+2} (You found it on level 8 of a ziggurat)
 42875 | Zig:9    | Entered Level 9 of a ziggurat
 42923 | Zig:10   | Entered Level 10 of a ziggurat
 43006 | Zig:11   | Entered Level 11 of a ziggurat
 43039 | Zig:11   | Reached XP level 25. HP: 32/239 MP: 19/22
 43082 | Zig:11   | Reached XP level 26. HP: 87/248 MP: 22/22
 43260 | Zig:12   | Entered Level 12 of a ziggurat
 43276 | Zig:12   | Received a gift from Trog
 43287 | Zig:12   | Received a gift from Trog
 43318 | Zig:12   | Got a transparent storm dragon armour
 43324 | Zig:12   | Identified the +6 storm dragon armour of Kuseome {rElec rC++ Str+4} (You found it on level 12 of a ziggurat)
 43347 | Zig:13   | Entered Level 13 of a ziggurat
 43359 | Zig:13   | Received a gift from Trog
 43390 | Zig:13   | Reached skill level 23 in Shields
 43484 | Zig:13   | Reached XP level 27. HP: 254/256 MP: 22/22
 43490 | Zig:14   | Entered Level 14 of a ziggurat
 43523 | Zig:14   | Received a gift from Trog
 43770 | Zig:15   | Entered Level 15 of a ziggurat
 43867 | Zig:15   | Got a shimmering zirconium amulet
 43874 | Zig:15   | Got a warped lapis lazuli ring
 43876 | Zig:15   | Got a scorched golden ring
 43878 | Zig:15   | Got a scorched lead ring
 43906 | Zig:15   | Identified the amulet "Garu Fis" {+Rage MP+9} (You found it on level 15 of a ziggurat)
 43908 | Zig:15   | Identified the ring of Xom's Capriciousness {rPois rF+ Str+3 Int+2 Dex-2} (You found it on level 15 of a ziggurat)
 43910 | Zig:15   | Identified the ring "Gimomag" {rPois rF+ rN+ MP-9 Str+2} (You found it on level 15 of a ziggurat)
 43912 | Zig:15   | Identified the ring "Merit" {+Inv rC+ rN+ MR+} (You found it on level 15 of a ziggurat)
 43920 | Zig:16   | Entered Level 16 of a ziggurat
 43949 | Zig:16   | Received a gift from Trog
 43974 | Zig:16   | Reached skill level 15 in Throwing
 44071 | Depths:2 | Found Asaf's Pet Rocks.
 44334 | Depths:2 | Received a gift from Trog
 44389 | Depths:2 | Got a glittering graven amulet
 44391 | Depths:2 | Identified the amulet of Charity {Clar rElec rN+ Int+4} (You found it on level 2 of the Depths)
 44771 | Depths:3 | Received a gift from Trog
 44925 | Depths:3 | Received a gift from Trog
 44969 | Depths:3 | Found a one-way gate leading to the halls of Pandemonium.
 45545 | Depths:3 | Found a runed gate.
 45545 | Depths:3 | Found a runed gate.
 45545 | Depths:3 | Found a runed gate.
 45580 | Depths:3 | Reached skill level 24 in Shields
 45613 | Depths:3 | Found a runed gate.
 45613 | Depths:3 | Found a runed gate.
 45613 | Depths:3 | Found a runed gate.
 45786 | Depths:3 | Received a gift from Trog
 45885 | Depths:4 | Received a gift from Trog
 45952 | Depths:4 | Found a one-way gate to the infinite horrors of the Abyss.
 45969 | Depths:4 | Voluntarily entered the Abyss.
 46696 | Abyss:2  | Found a corrupted altar of Lugonu.
 46784 | Abyss:2  | Received a gift from Trog
 46871 | Abyss:2  | Paralysed by accursed screaming for 1 turns
 46881 | Abyss:3  | Found a corrupted altar of Lugonu.
 47213 | Abyss:4  | Lost intelligence.
 47322 | Abyss:4  | Gained mutation: You are clumsy. (Dex -2) [a neqoxec]
 47332 | Abyss:4  | Gained mutation: Armour fits poorly on your strangely shaped body. [a neqoxec]
 47333 | Abyss:4  | Gained mutation: Potions and wands are less effective at restoring your health. [a neqoxec]
 47378 | Abyss:4  | Lost intelligence.
 47661 | Abyss:4  | Received a gift from Trog
 47765 | Abyss:4  | Gained mutation: You are weak. (Str -2) [a neqoxec]
 47825 | Abyss:4  | Gained mutation: You are very frail (-20% HP). [a neqoxec]
 47859 | Abyss:4  | Paralysed by accursed screaming for 1 turns
 47903 | Abyss:4  | Lost intelligence.
 47967 | Abyss:4  | Paralysed by accursed screaming for 1 turns
 48100 | Depths:4 | Escaped the Abyss
 48188 | Hell     | Lost mutation: Potions and wands are less effective at restoring your health. [potion of cure mutation]
 48188 | Hell     | Lost mutation: Armour fits poorly on your strangely shaped body. [potion of cure mutation]
 48188 | Hell     | Lost mutation: You can spit weak poison. [potion of cure mutation]
 48188 | Hell     | Lost mutation: You are very weak. (Str -4) [potion of cure mutation]
 48189 | Hell     | Lost mutation: You have a pair of large horns on your head. [potion of cure mutation]
 48189 | Hell     | Lost mutation: You are frail (-10% HP). [potion of cure mutation]
 48190 | Hell     | Lost mutation: You possess an exceptional clarity of mind. [potion of cure mutation]
 48191 | Hell     | Lost mutation: You are clumsy. (Dex -2) [potion of cure mutation]
 48195 | Hell     | Found a gateway to the decaying netherworld of Tartarus.
 48267 | Hell     | Found a gateway to the freezing wastes of Cocytus.
 48288 | Hell     | Received a gift from Trog
 48419 | Hell     | Found a gateway to the ashen valley of Gehenna.
 48463 | Hell     | Found a gateway to the Iron City of Dis.
 48546 | Coc:1    | Entered Level 1 of Cocytus
 48556 | Coc:1    | Reached skill level 25 in Shields
 49922 | Coc:3    | Received a gift from Trog
 50433 | Coc:5    | You fall through a shaft!
 50479 | Coc:6    | Mangled by a shard shrike

Action                   |  1- 3 |  4- 6 |  7- 9 | 10-12 | 13-15 | 16-18 | 19-21 | 22-24 | 25-27 || total
-------------------------+-------+-------+-------+-------+-------+-------+-------+-------+-------++-------
Melee: Hand axe          |    67 |   177 |   265 |       |       |       |       |       |       ||   509
       War axe           |       |       |   144 |   295 |   142 |       |       |       |       ||   581
       Broad axe         |       |       |       |       |  1168 |  1342 |   872 |  1047 |  1784 ||  6213
Throw: Javelin           |       |       |     1 |     4 |    38 |     6 |    15 |     3 |    16 ||    83
Invok: Berserk           |       |       |     2 |       |     8 |     5 |     5 |     5 |     3 ||    28
       Trog's Hand       |       |       |     1 |     2 |     7 |     8 |     3 |     6 |     8 ||    35
       Burn Spellbooks   |       |       |     1 |     2 |       |     4 |     2 |     6 |     7 ||    22
       Brothers in Arms  |       |       |     1 |       |     1 |     2 |     2 |       |       ||     6
 Abil: Stop Flying       |       |       |       |       |       |     1 |       |       |       ||     1
       Spit Poison       |       |       |       |       |       |       |       |     2 |       ||     2
Evoke: Wand              |       |       |       |       |       |       |       |     1 |       ||     1
  Use: Scroll            |       |     6 |     9 |     8 |    14 |     8 |    17 |    11 |     6 ||    79
       Potion            |       |       |     2 |     2 |     4 |     6 |     4 |    11 |    27 ||    56
 Stab: Invisible         |       |       |       |       |       |       |       |     8 |    53 ||    61
  Eat: Chunk             |     2 |     4 |    15 |     5 |    56 |    40 |    19 |     6 |    17 ||   164
       Fruit             |       |       |     3 |     1 |       |     4 |     9 |    37 |     5 ||    59
       Royal jelly       |       |       |       |     1 |       |       |       |       |     7 ||     8
       Meat ration       |       |       |       |     1 |       |       |       |       |       ||     1
       Beef jerky        |       |       |       |       |     1 |       |       |       |     2 ||     3
       Pizza             |       |       |       |       |       |     4 |       |       |     3 ||     7
